 Dungeon Crawl Stone Soup version 0.21.0-3-g78d12a8 (webtiles) character file.

97 Monsterracer the Insei (level 4, -4/32 HPs)
             Began as a Demonspawn Transmuter on Jan 14, 2018.
             Slain by a water moccasin skeleton (7 damage)
             ... on level 2 of the Dungeon.
             The game lasted 00:02:34 (2703 turns).

Monsterracer the Insei (Demonspawn Transmuter)      Turns: 2703, Time: 00:02:34

Health: -4/32      AC:  3    Str: 10    XL:     4   Next: 42%
Magic:  7/7        EV: 12    Int: 16    God:
Gold:   73         SH:  0    Dex: 13    Spells: 1/7 levels left

rFire    . . .     SeeInvis .     - Unarmed
rCold    + . .     Gourm    .   (no shield)
rNeg     . . .     Faith    .   b - +0 robe
rPois    .         Spirit   .   h - +1 hat
rElec    .         Reflect  .   (no cloak)
rCorr    .         Harm     .   (no gloves)
MR       .....                  (no boots)
Stlth    +.........             (no amulet)
HPRegen  0.10/turn              (no ring)
MPRegen  0.10/turn              (no ring)

@: no status effects
A: cold resistance 1, freezing cloud immunity
a: no special abilities


You were on level 2 of the Dungeon.
You were hungry.

You visited 1 branch of the dungeon, and saw 2 of its levels.

You collected 73 gold pieces.

Inventory:

Missiles
 a - 11 arrows
Armour
 b - a +0 robe (worn)
 h - a +1 hat (worn)
 i - a +0 ring mail
Jewellery
 l - an uncursed amulet of the gourmand {unknown}
Scrolls
 g - a scroll of blinking {unknown}
 j - 2 scrolls of identify {unknown}
 p - a scroll of random uselessness {unknown}
 q - a scroll of remove curse {unknown}
Potions
 e - a potion of heal wounds {unknown}
 f - a potion of might {unknown}
 k - a potion of curing {unknown}
 m - a potion of lignification {unknown}
 n - a potion of resistance {unknown}
Books
 c - a book of Changes

   Spells                             Type                      Level
   a - Beastly Appendage              Transmutation                1
   b - Sticks to Snakes               Transmutation                2
   c - Spider Form                    Transmutation/Poison         3
   d - Ice Form                       Ice/Transmutation            4
   e - Blade Hands                    Transmutation                5
 o - a book of Misfortune

   Spells                             Type                      Level
   a - Confusing Touch                Hexes                        1
   b - Confuse                        Hexes                        3
   c - Gell's Gravitas                Translocation                3
   d - Petrify                        Transmutation/Earth          4
   e - Metabolic Englaciation         Hexes/Ice                    5
   f - Yara's Violent Unravelling     Hexes/Transmutation          5
Comestibles
 d - 4 rations


   Skills:
 - Level 1.0 Fighting
 - Level 1.7 Dodging
 * Level 4.7 Unarmed Combat
 - Level 2.0 Spellcasting
 + Level 1.9 Transmutations


You had one spell level left.
You knew the following spells:

 Your Spells              Type           Power        Failure   Level  Hunger
a - Beastly Appendage     Tmut           #.....       10%         1    #......
b - Sticks to Snakes      Tmut           #.......     14%         2    ###....
c - Spider Form           Tmut/Pois      #.........   38%         3    ###....


Dungeon Overview and Level Annotations

Branches:
Dungeon (2/15)

Altars:


Innate Abilities, Weirdness & Mutations

Your flesh is cold resistant. (rC+)
You are immune to freezing clouds.


Message History

There is an open door here.
You start resting.
Your transformation has ended.
Your +1 hat unmelds from your body.
Your +0 robe unmelds from your body.
You close the door.
You start resting.
Casting: Spider Form
Confirm with . or Enter, or press ? or * to list all spells.
Okay, then.
Your magical contamination has completely faded away.
Eating one of 3 chunks of flesh.
You eat one of the 3 chunks of flesh.
This raw flesh tastes terrible.
Magic restored.
All of the chunks of flesh in your inventory have rotted away.
HP restored.
You open the door.
There is an open door here.
Things that are here:
a jackal skeleton x2
The leopard gecko is too close now for your liking.
Health restored: 32; MP restored: 7 A leopard gecko is nearby!
A leopard gecko is nearby!
The leopard gecko hisses angrily.
The leopard gecko bites you.
You take 5 damage, and have 27/32 hp.
You hit the leopard gecko.
You kill the leopard gecko!
No target in view!
No target in view!
No target in view!
Key pressed, stopping explore.
No target in view!
You see here a leopard gecko corpse.
Found a stone staircase leading down.
Health restored: 32
Found 6 needles of paralysis.
You now have 73 gold pieces (gained 5).
A water moccasin skeleton comes into view.
The water moccasin skeleton moves out of view.
The water moccasin skeleton is too close now for your liking.
A water moccasin skeleton is nearby!
The water moccasin skeleton barely misses you. x2
You hit the water moccasin skeleton.
The water moccasin skeleton is lightly damaged.
The water moccasin skeleton barely misses you.
You hit the water moccasin skeleton.
The water moccasin skeleton is lightly damaged.
The water moccasin skeleton bites you.
You take 5 damage, and have 27/32 hp.
You hit the water moccasin skeleton.
The water moccasin skeleton is lightly damaged.
The water moccasin skeleton bites you.
You take 1 damage, and have 26/32 hp.
You hit the water moccasin skeleton.
The water moccasin skeleton is moderately damaged.
You are feeling hungry.
The water moccasin skeleton bites you but does no damage.
You barely miss the water moccasin skeleton.
The water moccasin skeleton is moderately damaged.
The water moccasin skeleton completely misses you.
You punch the water moccasin skeleton!
The water moccasin skeleton is heavily damaged.
The water moccasin skeleton closely misses you.
You hit the water moccasin skeleton.
The water moccasin skeleton is heavily damaged.
The water moccasin skeleton misses you.
You hit the water moccasin skeleton but do no damage.
The water moccasin skeleton is heavily damaged.
The water moccasin skeleton closely misses you.
The water moccasin skeleton bites you.
You take 5 damage, and have 21/32 hp.
You barely miss the water moccasin skeleton.
The water moccasin skeleton is heavily damaged.
The water moccasin skeleton bites you!
* * * LOW HITPOINT WARNING * * *
You take 7 damage, and have 14/32 hp.
MASSIVE DAMAGE!!
You punch the water moccasin skeleton!
The water moccasin skeleton is severely damaged.
The water moccasin skeleton misses you.
You hit the water moccasin skeleton.
The water moccasin skeleton is almost destroyed.
The water moccasin skeleton barely misses you.
You barely miss the water moccasin skeleton.
The water moccasin skeleton is almost destroyed.
The water moccasin skeleton closely misses you.
You hit the water moccasin skeleton.
The water moccasin skeleton is almost destroyed.
The water moccasin skeleton bites you.
* * * LOW HITPOINT WARNING * * *
You take 3 damage, and have 11/32 hp.
You barely miss the water moccasin skeleton.
The water moccasin skeleton is almost destroyed.
The water moccasin skeleton bites you!
* * * LOW HITPOINT WARNING * * *
You take 8 damage, and have 3/32 hp.
MASSIVE DAMAGE!!
You barely miss the water moccasin skeleton.
The water moccasin skeleton is almost destroyed.
The water moccasin skeleton bites you!
You die...

..........# #
##....>..###.#.# #
..............######
#.......#...........
#..... ##....######
##....## ##.#.# #
......#.###.#.# #
#Z..##.......# #@#
#####'### #.# ##...##
###.# ##.....## #
##.#.# ##.......## ##
##....###.........###.
#.......+.........'÷..
##....###.........###.
##.#.# ##.......####÷
#...(# ##.....###...


You could see a water moccasin skeleton.

Vanquished Creatures
  4 oozes
  2 worms (D:2)
  A dart slug (D:2)
  2 leopard geckos
  2 ball pythons
  4 giant cockroaches (D:2)
  7 goblins
  3 hobgoblins
  10 jackals
  2 quokkas (D:2)
  3 bats
  2 frilled lizards (D:1)
  8 kobolds
  6 rats
56 creatures vanquished.

Vanquished Creatures (collateral kills)
  An adder (D:2)
1 creature vanquished.

Grand Total: 57 creatures vanquished

Notes
Turn   | Place    | Note
-------+----------+-------------------------------------------
     0 | D:1      | Monsterracer the Demonspawn Transmuter began the quest for the Orb.
     0 | D:1      | Reached XP level 1. HP: 15/15 MP: 3/3
   150 | D:1      | Reached skill level 3 in Unarmed Combat
   157 | D:1      | HP: 6/15 [jackal (3)]
   164 | D:1      | Gained mutation: Your flesh is cold resistant. (rC+) [demonic ancestry]
   164 | D:1      | Reached XP level 2. HP: 5/21 MP: 3/5
   637 | D:1      | HP: 9/21 [goblin/short sword (6)]
   864 | D:1      | Reached XP level 3. HP: 26/26 MP: 6/6
   868 | D:1      | Learned a level 2 spell: Sticks to Snakes
   880 | D:1      | Learned a level 3 spell: Spider Form
  1060 | D:1      | Reached skill level 4 in Unarmed Combat
  1546 | D:2      | HP: 9/26 [worm (8)]
  1872 | D:2      | Gained mutation: You are immune to freezing clouds. [demonic ancestry]
  1872 | D:2      | Reached XP level 4. HP: 27/32 MP: 7/7
  2313 | D:2      | HP: 7/32 [worm (11)]
  2697 | D:2      | HP: 14/32 [water moccasin skeleton (8)]
  2702 | D:2      | HP: 3/32 [water moccasin skeleton (8)]
  2703 | D:2      | Slain by a water moccasin skeleton

Skill      XL: |  1  2  3 |
---------------+----------+-----
Unarmed Combat | 3 4 |  4.7
Fighting       | |  1.0
Dodging        | |  1.7
Spellcasting   | |  2.0
Transmutations | |  1.9

Action                   |  1- 3 |  4- 6 || total
-------------------------+-------+-------++-------
Melee: Unarmed           |   142 |    75 ||   217
       Kick              |     1 |       ||     1
       Punch             |     1 |       ||     1
 Cast: Beastly Appendage |     4 |       ||     4
       Spider Form       |     1 |     1 ||     2
       Sticks to Snakes  |     1 |       ||     1
 Stab: Sleeping          |     1 |     1 ||     2
  Eat: Chunk             |     3 |     3 ||     6
Armor: Robe              |    33 |    18 ||    51
Dodge: Dodged            |    88 |    46 ||   134

Vault maps used:
D:1:      dpeg_arrival_simpleton_c
